 Dungeon Crawl Stone Soup version 0.29-a0-356-g7bc237e783 (webtiles) character file.

Game seed: 6978737591400301021

3 spaghetti the Charlatan (level 1, 0/15 HPs)
             Began as a Formicid Artificer on Apr 26, 2022.
             Was a Follower of Makhleb.
             Killed from afar by a dart slug (2 damage)
             ... with a slug dart
             ... on level 1 of the Dungeon.
             The game lasted 00:00:35 (156 turns).

spaghetti the Charlatan (Formicid Artificer)         Turns: 156, Time: 00:00:36

Health: 0/15       AC:  3    Str: 16    XL:     1   Next: 55%
Magic:  1/1        EV: 11    Int: 10    God:    Makhleb [*.....]
Gold:   5          SH:  0    Dex: 11    Spells: 0/0 levels left

rFire   . . .      SeeInvis +   a - +0 club {mace}
rCold   . . .      Faith    .   (no shield)
rNeg    . . .      Spirit   .   b - +0 leather armour
rPois   .          Reflect  .   (helmet unavailable)
rElec   .          Harm     .   (no cloak)
rCorr   .          Rampage  .   (no gloves)
Will    .....                   (no boots)
Stlth   +.........              (no amulet)
HPRegen 0.05/turn               (no ring)
MPRegen 0.07/turn               (no ring)

@: no status effects
A: permanent stasis, dig shafts and tunnels, antennae 3, four strong arms
a: Dig, Shaft Self, Renounce Religion


You were on level 1 of the Dungeon.
You worshipped Makhleb.
Makhleb was aware of your devotion.
You visited 1 branch of the dungeon, and saw 1 of its levels.

You collected 5 gold pieces.


Innate Abilities, Weirdness & Mutations

You cannot be hasted, slowed, berserked, paralysed or teleported.
You can dig through walls and to a lower floor.
You have a pair of large antennae on your head. (SInv)
Your four strong arms can wield two-handed weapons with a shield.


   Skills:
 - Level 1.1 Fighting
 - Level 2.1 Armour
 - Level 0.8 Dodging
 + Level 1.8 Stealth
 + Level 0.4 Invocations
 - Level 3.2 Evocations


You couldn't memorise any spells.
You didn't know any spells.
Your spell library was empty.

Inventory:

Hand Weapons
 a - a +0 club (weapon) {mace}
Armour
 b - a +0 leather armour (worn)
Wands
 c - a wand of flame (15) (quivered)
 d - a wand of charming (15)
 e - a wand of iceblast (9)
Scrolls
 f - 2 scrolls of fog {unknown}
 g - a scroll of amnesia {unknown}
 j - a scroll of teleportation {unknown}
Potions
 h - a potion of heal wounds {unknown}
 i - a potion of flight {unknown}

Dungeon Overview and Level Annotations

Branches:
Dungeon (1/15)

Altars:
Makhleb

####
#...##################
#..................#
###w.............###
#@############.#
#g##........##.#
#K##.######....#
#.##.# ###### #.##.#
#.##.# #.##.# { r>##.#
...{ { #.#


You could see a dart slug, a goblin, a kobold and a rat (wandering).


Message History

The shining eye turns its gaze towards you.
The great orb of eyes turns its gaze towards you.
The helpless endoplasm fails to defend itself.
You hit the endoplasm. The endoplasm misses you.
You hit the endoplasm but do no damage. The endoplasm hits you. 😕 HP[-1]
You take 1 damage, and now have 14/15 hp.
You hit the endoplasm.
You kill the endoplasm!
There is a faded altar of an unknown god here.
You cannot tell which god this altar belongs to.
Convert to them anyway?
Makhleb accepts your prayer! Makhleb welcomes you!
You can now gain health from killing.
The great orb of eyes pulsates ominously.
Key pressed, stopping explore.
Key pressed, stopping explore.
h - a puce potion 😎 HP[+1]
Your hp is fully restored (15).
Key pressed, stopping explore.
You open the door.
A bat and a ball python come into view.
There are monsters nearby!
There is an open door here.
The bat closely misses you. x2
You hit the ball python.
You kill the ball python!
Makhleb accepts your kill. The bat hits you but does no damage.
You miss the bat. The bat hits you. The bat barely misses you. 😕 HP[-1]
You take 1 damage, and now have 14/15 hp.
You miss the bat. The bat closely misses you. The bat barely misses you.
The bat barely misses you. 😎 HP[+1]
Your hp is fully restored (15).
You completely miss the bat. The bat barely misses you.
The bat completely misses you.
You closely miss the bat. The bat misses you.
You closely miss the bat. The bat hits you but does no damage. x2
The bat barely misses you.
You miss the bat. The bat hits you but does no damage.
You hit the bat.
You kill the bat!
Makhleb accepts your kill.
i - a grey potion
j - a scroll labelled MALAOC KIOCO You sense a monster nearby.
You sense a monster nearby.
You now have 5 gold pieces.
A dart slug comes into view.
A dart slug is nearby!
A goblin comes into view. It is wielding a +0 club.
A kobold comes into view. It is wielding a +0 short sword.
Found a stone staircase leading down.
The goblin shouts!
The kobold shouts!
The goblin hits you but does no damage.
You barely miss the goblin.
The goblin hits you with a +0 club. 😕 HP[-3]
You take 3 damage, and now have 12/15 hp.
You are too injured to fight recklessly!
You are too injured to fight recklessly!
You are too injured to fight recklessly!
You are too injured to fight recklessly!
You are too injured to fight recklessly!
You are too injured to fight recklessly!
You are too injured to fight recklessly!
You are too injured to fight recklessly!
You are too injured to fight recklessly!
You are too injured to fight recklessly!
You are too injured to fight recklessly!
You are too injured to fight recklessly!
You are too injured to fight recklessly!
You are too injured to fight recklessly!
You are too injured to fight recklessly!
You are too injured to fight recklessly!
Unknown command.
You closely miss the goblin. The goblin misses you.
The dart slug launches a dart at you. The slug dart hits you. 😮 HP[-4]
You take 4 damage, and now have 8/15 hp.
MASSIVE DAMAGE!! (PAUSE)
You hit the goblin. The goblin hits you with a +0 club.
* * * LOW HITPOINT WARNING * * *
The goblin barely misses you. 😨 HP[-3]
You take 3 damage, and now have 5/15 hp.
You barely miss the goblin. The dart slug barely misses you.
The goblin hits you but does no damage. 😨 HP[+1] Unknown command.
You closely miss the goblin.
A rat comes into view.
The goblin hits you with a +0 club.
* * * LOW HITPOINT WARNING * * *
The dart slug launches a dart at you. The slug dart hits you.
You die...

Action                   || total
-------------------------++-------
Melee: Club              ||    16
 Stab: Sleeping          ||     1
Armor: Leather armour    ||     6
Dodge: Dodged            ||    14

Levels and vault maps discovered:
D:1:      wander_arrival_lonely_grave, layout_basic,
          hellmonk_ecumenical_altar_watching_god, chequers_garden

Notes
Turn   | Place    | Note
-------+----------+-------------------------------------------
     0 | D:1      | spaghetti the Formicid Artificer began the quest for the
                  | Orb.
     0 | D:1      | Reached XP level 1. HP: 15/15 MP: 1/1
     0 | D:1      | magus.rc [v1.9.6]
    17 | D:1      | Noticed a great orb of eyes
    22 | D:1      | Found a faded altar of an unknown god.
    23 | D:1      | Noticed an eye of devastation
    23 | D:1      | Noticed a great orb of eyes
    23 | D:1      | Noticed a shining eye
    32 | D:1      | Prayed at the altar of an unknown god.
    32 | D:1      | Became a worshipper of Makhleb the Destroyer
    32 | D:1      | Reached * piety under Makhleb
   156 | D:1      | HP: 2/15 [goblin/+0 club (4)]
   156 | D:1      | Killed from afar by a dart slug

Vanquished Creatures
  A ball python (D:1)
  An endoplasm (D:1)
  A bat (D:1)
3 creatures vanquished.

Table legend:
 A = Non-vault XP
 B = Vault XP
 C = Vault XP percentage of total XP
 D = Non-vault monster count
 E = Vault monster count
 F = Vault count percentage of total count
                 A         B        C        D         E       F
            +---------+---------+-------+---------+---------+-------
      Total |       5 |       0 |   0.0 |       3 |       0 |   0.0
            +---------+---------+-------+---------+---------+-------
        D:1 |       5 |       0 |   0.0 |       3 |       0 |   0.0
            +---------+---------+-------+---------+---------+-------

Illustrated notes

Table legend:
 A = Kills in this place as a percentage of kills in entire the game.
 B = Kills by you in this place as a percentage of kills by you in the entire game.
 C = Kills by friends in this place as a percentage of kills by friends in the entire game.
 D = Other kills in this place as a percentage of other kills in the entire game.
 E = Experience gained in this place as a percentage of experience gained in the entire game.
 F = Experience gained in this place divided by the number of levels of this place that you have seen.
                   A       B       C       D       E      F
               +-------+-------+-------+-------+-------+----------------------
         Total | 100.0 | 100.0 |   N/A |   N/A | 100.0 |   5.0
       Dungeon | 100.0 | 100.0 |   N/A |   N/A | 100.0 |   5.0
               +-------+-------+-------+-------+-------+----------------------

Table legend: (Time is in decaauts)
 A = Elapsed time spent in this place.
 B = Non-inter-level travel time spent in this place.
 C = Inter-level travel time spent in this place.
 D = Time resting spent in this place.
 E = Time spent auto-exploring this place.
 F = Levels seen in this place.
 G = Mean time per level.
                   A        B        C        D        E       F      G
               +--------+--------+--------+--------+--------+-----+--------+
         Total |    160 |    160 |      0 |      0 |    111 |   1 |  160.0 |
       Dungeon |    160 |    160 |      0 |      0 |    111 |   1 |  160.0 |
               +--------+--------+--------+--------+--------+-----+--------+

Top non-repeatable levels by time:
     D:1: 160 daAuts
